 Dungeon Crawl Stone Soup version 0.31-a0-182-gc5ef74bbde (webtiles) character file.

Game seed: 12315957082713986857

123 DavidChitty2 the Shield-Bearer (level 4, -3/41 HPs)
             Began as a Minotaur Fighter on June 21, 2023.
             Was an Initiate of Okawaru.
             Slain by a gnoll
             ... wielding a +0 halberd
              (7 damage)
             ... on level 3 of the Dungeon.
             The game lasted 00:01:49 (1654 turns).

DavidChitty2 the Shield-Bearer (Minotaur Fighter)   Turns: 1654, Time: 00:01:50

Health: -3/41      AC:  8    Str: 22    XL:     4   Next: 79%
Magic:  3/3        EV:  9    Int:  5    God:    Okawaru [......]
Gold:   118        SH:  4    Dex: 10    Spells: 3/3 levels left

rFire   . . .        a - +0 war axe
rCold   . . .        c - +0 buckler
rNeg    . . .        b - +0 scale mail
rPois   .            (helmet restricted)
rElec   .            (no cloak)
rCorr   .            e - +0 pair of gloves
SInv    .            (no boots)
Will    .....        (no amulet) Stlth
                     (no ring)
HPRegen 0.26/turn    (no ring)
MPRegen 0.08/turn

%: no passive effects
@: no status effects
A: horns 2, retaliatory headbutt
a: Renounce Religion


You were on level 3 of the Dungeon.
You worshipped Okawaru.
Okawaru was noncommittal.
You visited 1 branch of the dungeon, and saw 3 of its levels.

You collected 118 gold pieces.

Inventory:

Hand Weapons
 a - a +0 war axe (weapon)
Armour
 b - a +0 scale mail (worn)
 c - a +0 buckler (worn)
 e - a +0 pair of gloves (worn)
   (You found it on level 1 of the Dungeon)
Scrolls
 f - 5 scrolls of identify {unknown}
 g - a scroll of fog {unknown}
 h - a scroll of amnesia {unknown}
 j - a scroll of revelation {unknown}
Potions
 d - a potion of might
 i - a potion of attraction {unknown}


   Skills:
 + Level 4.3 Fighting
 * Level 4.2 Axes
 + Level 4.3 Armour
 + Level 4.4 Shields
 + Level 0.4 Invocations


You had 3 spell levels left.
You didn't know any spells.
Your spell library was empty.

Dungeon Overview and Level Annotations

Branches:
Dungeon (3/15)

Altars:
Cheibriados
Fedhas
Gozag
Hepliaklqana
Makhleb
Okawaru
Trog
Vehumet
Wu Jian
Xom
The Shining One


Innate Abilities, Weirdness & Mutations

You have a pair of horns on your head.
You reflexively headbutt those who attack you in melee.


Message History

A gnoll comes into view. It is wielding a +0 halberd.
The gnoll hits you with a +0 club.
You closely miss the gnoll.
The gnoll shouts!
You headbutt the gnoll. The gnoll hits you but does no damage.
You hit the gnoll. The gnoll hits you but does no damage.
You completely miss the gnoll. You slash the gnoll!
You kill the gnoll!
Okawaru accepts your kill.
The gnoll throws a throwing net.
The throwing net closely misses you. The ball python bites you.
You block the ball python's attack.
You slash the ball python!
You kill the ball python!
Okawaru accepts your kill.
The gnoll hits you from afar with a +0 halberd.
You closely miss the gnoll.
You headbutt the gnoll, but do no damage.
The gnoll barely misses you. You block the gnoll's attack.
You hit the gnoll.
The gnoll hits you from afar with a +0 halberd!
You block the gnoll's attack. x2
The gnoll hits you from afar with a +0 halberd.
* * * LOW HITPOINT WARNING * * *
You slash the gnoll!
You kill the gnoll!
Okawaru accepts your kill. The gnoll completely misses you.
Found a spear.
You block the gnoll's attack.
Things that are here:
a +0 club; a gnoll corpse The gnoll hits you with a +0 halberd.
* * * LOW HITPOINT WARNING * * *
You barely miss the gnoll. Your headbutt misses the gnoll.
The gnoll closely misses you. You block the gnoll's attack.
You hit the gnoll but do no damage. The gnoll hits you with a +0 halberd.
* * * LOW HITPOINT WARNING * * *
You hit the gnoll.
You headbutt the gnoll, but do no damage.
The gnoll closely misses you.
You barely miss the gnoll. You block the gnoll's attack.
You barely miss the gnoll. The gnoll hits you but does no damage.
The gnoll hits you with a +0 halberd!
* * * LOW HITPOINT WARNING * * *
You closely miss the gnoll. The gnoll hits you but does no damage.
You hit the gnoll but do no damage. You headbutt the gnoll!
The gnoll barely misses you.
You barely miss the gnoll. Your headbutt misses the gnoll.
The gnoll hits you with a +0 halberd!
You die...

...... ......... #.# #.#
.........+.#.# #.#
.........#.#.# #.# #
...##+#....#.#.#.#.#
.........).#.#.#.#.#
...........#.# ....
.........###.###g###.###
.........(....))@.....).
.........###.#)#####.###
...........#+#+#
................
..####.......... ..#
#.......... ..#
#..)....... ..#
#.....[.... ..#
#..........


You could see a gnoll.

Vanquished Creatures
  3 gnolls (D:3)
  5 adders
  2 dart slugs (D:1)
  An orc (D:3)
  4 ball pythons
  3 bats
  5 endoplasms
  A giant cockroach (D:1)
  4 goblins
  2 hobgoblins
  4 jackals (D:1)
  5 kobolds
  A frilled lizard (D:2)
  4 rats
44 creatures vanquished.

Notes
Turn   | Place    | Note
-------+----------+-------------------------------------------
     0 | D:1      | DavidChitty2 the Minotaur Fighter began the quest for the
                  | Orb.
     0 | D:1      | Reached XP level 1. HP: 19/19 MP: 0/0
   339 | D:1      | Reached XP level 2. HP: 23/27 MP: 1/1
   725 | D:2      | Reached XP level 3. HP: 33/33 MP: 2/2
   930 | D:2      | Found a faded altar of an unknown god.
  1164 | D:2      | Reached XP level 4. HP: 40/40 MP: 3/3
  1375 | D:3      | Found an iron altar of Okawaru.
  1376 | D:3      | Found a blossoming altar of Fedhas.
  1378 | D:3      | Found a snail-covered altar of Cheibriados.
  1381 | D:3      | Found a bloodstained altar of Trog.
  1382 | D:3      | Found an opulent altar of Gozag.
  1383 | D:3      | Became a worshipper of Warmaster Okawaru
  1392 | D:3      | Found a glowing golden altar of the Shining One.
  1393 | D:3      | Found a shimmering altar of Xom.
  1396 | D:3      | Found a burning altar of Makhleb.
  1401 | D:3      | Found a radiant altar of Vehumet.
  1404 | D:3      | Found an ornate altar of the Wu Jian Council.
  1405 | D:3      | Found a hazy altar of Hepliaklqana.
  1654 | D:3      | Slain by a gnoll

Illustrated notes

Levels and vault maps discovered:
D:1:      dpeg_arrival_simpleton_c, layout_basic
D:2:      layout_loops_cross, ebering_ecumenical_altar_mist
D:3:      kennysheep_the_goblin_king, layout_basic,
          nicolae_overflow_hallway_of_the_gods, wad_woods_river_04

Skill      XL: |  1  2  3  4 |
---------------+-------------+-----
Axes           | 3 4 |  4.2
Armour         | 4 |  4.3
Shields        | 4 |  4.4
Fighting       | 4 |  4.3
Invocations    | |  0.4

Action                     |  1- 3 |  4- 6 || total
---------------------------+-------+-------++-------
  Melee: War axe           |    74 |    42 ||   116
         Headbutt          |    11 |     6 ||    17
 Armour: Scale mail        |    37 |    14 ||    51
  Dodge: Dodged            |    31 |    14 ||    45
  Block: Buckler           |    14 |    13 ||    27

Table legend: (Time is in decaauts)
 A = Elapsed time spent in this place.
 B = Non-inter-level travel time spent in this place.
 C = Inter-level travel time spent in this place.
 D = Time resting spent in this place.
 E = Time spent auto-exploring this place.
 F = Levels seen in this place.
 G = Mean time per level.
                   A        B        C        D        E       F      G
               +--------+--------+--------+--------+--------+-----+--------+
         Total |   1704 |   1626 |     78 |      0 |   1275 |   3 |  568.0 |
       Dungeon |   1704 |   1626 |     78 |      0 |   1275 |   3 |  568.0 |
               +--------+--------+--------+--------+--------+-----+--------+

Top non-repeatable levels by time:
     D:1: 684 daAuts
     D:2: 632 daAuts
     D:3: 386 daAuts
